[Event "ESTCC U65 2018"]
[Site "Walbrzych"]
[Date "2018.04.18"]
[Round "5"]
[White "Grahn, Lars"]
[Black "Koskinen, Veikko"]
[Result "1/2-1/2"]
[ECO "A80"]
[WhiteElo "1949"]
[BlackElo "2012"]
[Annotator "NA"]
[PlyCount "40"]
[EventDate "2018.??.??"]
[EventCountry "POL"]
[SourceTitle "playchess.com"]
[Source "ChessBase"]
[SourceQuality "1"]
[WhiteTeam "Sweden"]
[BlackTeam "Finland"]
[WhiteTeamCountry "SWE"]
[BlackTeamCountry "FIN"]
[TimeControl "40/5400+30:1800+30"]

1. d4 f5 2. Nc3 Nf6 3. Bg5 d5 4. Bxf6 exf6 5. e3 Be6 6. Qf3 Nc6 7. Bb5 Qd7 8. Nge2 a6 9. Ba4 g5 10. h3 h5 11. Nc1 O-O-O 12. Nd3 b5 13. Bb3 Na5 14. O-O-O $15 (14. Qd1 $11) 14... c6 15. h4 g4 16. Qe2 Nb7 17. Nf4 Bf7 18. a4 Nd6 19. axb5 axb5 20. g3 Bh6 1/2-1/2

[Event "ESTCC U65 2018"]
[Site "Walbrzych"]
[Date "2018.04.18"]
[Round "5"]
[White "Just, Joachim"]
[Black "Auvinen, Esa"]
[Result "1/2-1/2"]
[ECO "A46"]
[WhiteElo "1928"]
[BlackElo "1888"]
[Annotator "NA"]
[PlyCount "65"]
[EventDate "2018.??.??"]
[EventCountry "POL"]
[SourceTitle "playchess.com"]
[Source "ChessBase"]
[SourceQuality "1"]
[WhiteTeam "Germany"]
[BlackTeam "Finland"]
[WhiteTeamCountry "GER"]
[BlackTeamCountry "FIN"]
[TimeControl "40/5400+30:1800+30"]

1. d4 Nf6 2. Nf3 e6 3. Bf4 d5 4. e3 c5 5. c3 Be7 6. Nbd2 O-O 7. Ne5 b6 8. Rc1 Bb7 9. Bd3 Nbd7 10. O-O Nxe5 11. dxe5 $11 Ne4 12. Nxe4 dxe4 13. Bb1 Qxd1 14. Rfxd1 Rfd8 15. Bc2 Rxd1+ 16. Rxd1 Rd8 17. Rxd8+ Bxd8 18. c4 Bc7 19. Bg3 Bc6 20. Kf1 Kf8 21. Ke2 Ke8 22. Kd2 Kd7 23. a3 h6 24. b4 Ke8 25. Kc3 Kd7 26. Bd1 Ke8 27. Be2 Kd7 28. b5 Bb7 29. a4 Ke8 30. Bd1 Kd7 31. Bg4 Ke8 32. Be2 Kd7 33. f3 1/2-1/2

[Event "ESTCC U65 2018"]
[Site "Walbrzych"]
[Date "2018.04.18"]
[Round "5"]
[White "Gromark, Per-Olof"]
[Black "Karppinen, Martti"]
[Result "1/2-1/2"]
[ECO "A28"]
[WhiteElo "1901"]
[BlackElo "1894"]
[Annotator "NA"]
[PlyCount "46"]
[EventDate "2018.??.??"]
[EventCountry "POL"]
[SourceTitle "playchess.com"]
[Source "ChessBase"]
[SourceQuality "1"]
[WhiteTeam "Sweden"]
[BlackTeam "Finland"]
[WhiteTeamCountry "SWE"]
[BlackTeamCountry "FIN"]
[TimeControl "40/5400+30:1800+30"]

1. c4 e5 2. Nc3 Nf6 3. Nf3 Nc6 4. e3 Be7 5. d4 exd4 6. exd4 d5 7. c5 O-O 8. Be2 Re8 9. O-O Ne4 10. Be3 Bf5 11. Qb3 Nxc3 $11 12. Qxc3 Bf6 13. Rfe1 Ne7 14. Bf4 Ng6 15. Bg3 c6 16. Bd3 Bxd3 17. Qxd3 Qd7 18. Bd6 Qg4 19. Qd2 h6 20. h3 Qf5 21. Re3 Re4 22. g4 Qe6 23. Rae1 Re8 1/2-1/2

[Event "ESTCC U65 2018"]
[Site "Walbrzych"]
[Date "2018.04.18"]
[Round "5"]
[White "Vehkalahti, Veli"]
[Black "Gustavsson, Bo"]
[Result "0-1"]
[ECO "D02"]
[WhiteElo "1880"]
[BlackElo "1915"]
[Annotator "NA"]
[PlyCount "98"]
[EventDate "2018.??.??"]
[EventCountry "POL"]
[SourceTitle "playchess.com"]
[Source "ChessBase"]
[SourceQuality "1"]
[WhiteTeam "Finland"]
[BlackTeam "Sweden"]
[WhiteTeamCountry "FIN"]
[BlackTeamCountry "SWE"]
[TimeControl "40/5400+30:1800+30"]

1. Nf3 Nf6 2. d4 d5 3. Bf4 e6 4. e3 c5 5. c3 Qb6 6. Qb3 {[%emt 0:03:38] LiveBook: 34 Games} Qxb3 {[%emt 0:08:19] D02: 1 d4 d5 2 Nf3 sidelines, including 2...Nf6 3 g3 and 2...Nf6 3 Bf4} 7. axb3 Nc6 8. Nbd2 Bd7 9. Bd3 (9. Bb5 Nh5 10. Bc7 Rc8 11. Bg3 Nxg3 12. hxg3 {½-½ (56) Matuszewski,M (2505)-Leniart,A (2482) Katowice 2018}) 9... Be7 (9... Nh5 $11 {keeps the balance.}) 10. dxc5 $146 ({Predecessor:} 10. O-O Nh5 11. dxc5 Nxf4 12. exf4 Bxc5 {½-½ (34) Gossell,T (2237)-Langer,M (2308) Stillwater 2006}) 10... Bxc5 11. b4 Be7 12. O-O O-O 13. b5 Nb8 14. Nd4 Ne8 15. Bxb8 Rxb8 16. Rxa7 Bc5 $11 17. Ra4 Nd6 18. N2f3 Rfc8 19. Rc1 Bxd4 20. exd4 Bxb5 21. Bxb5 Nxb5 22. Rca1 f6 23. Kf1 Nd6 24. Nd2 Kf8 25. f3 b5 26. Ra6 Nc4 27. Nb3 Kf7 28. R1a2 Rc7 29. Nc5 e5 30. Kf2 exd4 31. cxd4 b4 32. b3 Na3 33. Rd6 Nb5 34. Na6 Ra8 35. Rb2 Nxd6 36. Nxc7 Ra5 37. Ke2 Ke7 38. Rc2 Kd7 39. Rc5 Rxc5 40. dxc5 Kxc7 41. cxd6+ Kxd6 42. f4 f5 43. h4 Kc5 44. Kd3 d4 45. h5 Kd5 46. g3 h6 47. Kd2 Ke4 48. Ke2 d3+ 49. Kd2 Kd5 0-1

[Event "ESTCC U65 2018"]
[Site "Walbrzych"]
[Date "2018.04.18"]
[Round "5"]
[White "Patola, Eero"]
[Black "Tichatschke, Wolfgang"]
[Result "1/2-1/2"]
[ECO "D37"]
[WhiteElo "1823"]
[BlackElo "1967"]
[Annotator "NA"]
[PlyCount "24"]
[EventDate "2018.??.??"]
[EventCountry "POL"]
[SourceTitle "playchess.com"]
[Source "ChessBase"]
[SourceQuality "1"]
[WhiteTeam "Finland"]
[BlackTeam "Germany"]
[WhiteTeamCountry "FIN"]
[BlackTeamCountry "GER"]
[TimeControl "40/5400+30:1800+30"]

1. c4 e6 2. Nc3 d5 3. d4 Nf6 4. Nf3 Be7 5. e3 O-O 6. cxd5 exd5 7. Be2 Bg4 $11 8. h3 Bf5 9. Ne5 Nbd7 10. Qb3 Nb6 11. a4 a5 12. Bd2 Ne4 1/2-1/2

[Event "ESTCC U65 2018"]
[Site "Walbrzych"]
[Date "2018.04.18"]
[Round "5"]
[White "Rintakoski, Pentti"]
[Black "Nilsson, Christer"]
[Result "0-1"]
[ECO "C00"]
[WhiteElo "1797"]
[BlackElo "1931"]
[Annotator "NA"]
[PlyCount "86"]
[EventDate "2018.??.??"]
[EventCountry "POL"]
[SourceTitle "playchess.com"]
[Source "ChessBase"]
[SourceQuality "1"]
[WhiteTeam "Finland"]
[BlackTeam "Sweden"]
[WhiteTeamCountry "FIN"]
[BlackTeamCountry "SWE"]
[TimeControl "40/5400+30:1800+30"]

1. e4 e6 2. Nf3 d5 3. e5 c5 4. d4 cxd4 5. Nxd4 Nc6 6. Bb5 Bd7 7. Bxc6 bxc6 $15 8. O-O Ne7 9. Nd2 Ng6 10. N2f3 Be7 11. c3 c5 12. Ne2 Qb8 13. Re1 Nxe5 14. Nxe5 Qxe5 15. Bf4 Qf6 16. Qd2 O-O 17. Ng3 Bc6 18. Be5 Qg6 19. Qe2 Rfe8 20. Nh5 Bf8 21. Rad1 f6 22. Bg3 e5 23. h3 Rad8 24. f3 Qxh5 25. Qa6 Ba8 26. Qxa7 Qf7 27. Qa4 Qb7 28. Rd2 Qc6 29. Qd1 Bb7 30. Bf2 Ra8 31. Qb1 d4 32. cxd4 cxd4 33. a3 Rac8 34. Qf5 Qd5 35. b4 Rc4 36. Qb1 Rec8 37. Red1 Rc3 38. Qb2 Qc4 39. Bxd4 exd4 40. Rxd4 Qb3 41. Qxb3+ Rxb3 42. Rd7 Bc6 43. Ra7 Ra8 0-1

[Event "ESTCC U65 2018"]
[Site "Walbrzych"]
[Date "2018.04.18"]
[Round "5"]
[White "Andersson, Finn"]
[Black "Ackermann, Hans Werner"]
[Result "0-1"]
[ECO "B06"]
[WhiteElo "1719"]
[BlackElo "2211"]
[Annotator "NA"]
[PlyCount "94"]
[EventDate "2018.??.??"]
[EventCountry "POL"]
[SourceTitle "playchess.com"]
[Source "ChessBase"]
[SourceQuality "1"]
[WhiteTeam "Denmark"]
[BlackTeam "Germany"]
[WhiteTeamCountry "DEN"]
[BlackTeamCountry "GER"]
[TimeControl "40/5400+30:1800+30"]

1. e4 g6 2. d4 Bg7 3. Nf3 d6 4. Be3 a6 5. h3 Nd7 6. Bd3 c5 7. c3 Qc7 8. Nbd2 Ngf6 9. O-O O-O 10. Re1 b6 11. e5 Nd5 12. exd6 exd6 13. Bg5 $11 Bb7 14. Rc1 h6 15. Bh4 Nf4 16. Bf1 Nf6 17. Bxf6 Bxf6 18. Ne4 Bg7 19. dxc5 dxc5 20. g3 Rfd8 21. Qc2 Nd5 22. Rcd1 b5 23. h4 Nb6 24. b3 Nd5 25. c4 Nf6 26. Nxf6+ Bxf6 27. Rxd8+ Rxd8 28. Bg2 b4 29. Qc1 Kg7 30. Qe3 Bc3 31. Re2 a5 32. Ne1 Bd4 33. Qc1 Qxg3 34. Qc2 Bc8 35. Qe4 Qc7 36. Nd3 Bf5 37. Qf4 Qxf4 38. Nxf4 Bf6 39. h5 Rd1+ 40. Kh2 Bg5 41. Kg3 Rd4 42. Nh3 Bh4+ 43. Kh2 Bd8 44. f3 Rh4 45. Kg3 g5 46. f4 Bc7 47. Rf2 Rxh5 0-1

[Event "ESTCC U65 2018"]
[Site "Walbrzych"]
[Date "2018.04.18"]
[Round "5"]
[White "Lindholm, Pertti"]
[Black "Fitzke, Ulrich"]
[Result "0-1"]
[ECO "D30"]
[WhiteElo "1624"]
[BlackElo "1827"]
[Annotator "NA"]
[PlyCount "106"]
[EventDate "2018.??.??"]
[EventCountry "POL"]
[SourceTitle "playchess.com"]
[Source "ChessBase"]
[SourceQuality "1"]
[WhiteTeam "Finland"]
[BlackTeam "Germany"]
[WhiteTeamCountry "FIN"]
[BlackTeamCountry "GER"]
[TimeControl "40/5400+30:1800+30"]

1. d4 d5 2. c4 e6 3. Nf3 Nf6 4. Bf4 Bd6 5. Bxd6 Qxd6 6. c5 Qe7 7. e3 O-O 8. Bd3 Nbd7 9. O-O e5 10. dxe5 Nxe5 11. Nxe5 Qxe5 12. Qc2 Ng4 13. g3 Qh5 14. h4 g5 15. Kg2 gxh4 16. gxh4 Ne5 17. Be2 Bg4 18. Nc3 c6 19. f4 Ng6 20. Rh1 Rae8 21. Bxg4 Qxg4+ 22. Kf2 Kh8 23. Rag1 Qe6 24. Nd1 Qf6 25. Qc3 d4 26. Qxd4 Qxd4 27. exd4 Nxf4 28. Rg4 Ne6 29. h5 Rd8 30. Ke3 Rg8 31. Rxg8+ Kxg8 32. Rg1+ Kf8 33. h6 Rxd4 34. Nc3 Rh4 35. Rf1 Nxc5 36. Rf6 Nd7 37. Rd6 Ke7 38. Rd2 Rxh6 39. Ne4 Re6 40. Kf4 Rh6 41. Ng3 Rf6+ 42. Kg5 Rg6+ 43. Kf4 Nf6 44. Nf5+ Kf8 45. Rd8+ Ne8 46. Rd7 Rf6 47. Kg5 Rg6+ 48. Kf4 h5 49. Rxb7 Rg4+ 50. Kf3 Rg5 51. Kf4 Rg2 52. a3 Rf2+ 53. Kg5 Rxf5+ 0-1

[Event "ESTCC U65 2018"]
[Site "Walbrzych"]
[Date "2018.04.19"]
[Round "6"]
[White "Vucenovic, Dragomir"]
[Black "Grahn, Lars"]
[Result "0-1"]
[ECO "A88"]
[WhiteElo "2248"]
[BlackElo "1949"]
[Annotator "NA"]
[PlyCount "76"]
[EventDate "2018.??.??"]
[EventCountry "POL"]
[SourceTitle "playchess.com"]
[Source "ChessBase"]
[SourceQuality "1"]
[WhiteTeam "Switzerland"]
[BlackTeam "Sweden"]
[WhiteTeamCountry "SUI"]
[BlackTeamCountry "SWE"]
[TimeControl "40/5400+30:1800+30"]

1. d4 f5 2. Nf3 Nf6 3. g3 g6 4. Bg2 Bg7 {[%emt 0:00:09] LiveBook: 4855 Games} 5. O-O O-O 6. c4 d6 7. Nc3 c6 8. Qc2 Qc7 9. Bg5 {[%emt 0:00:11] A88: Dutch Defence: Leningrad System: 5 Nf3 0-0 6 0-0 d6 7 Nc3 c6} (9. b3 a5 10. Bb2 Na6 11. Rad1 e5 12. dxe5 dxe5 13. Na4 Ne4 14. Nd2 Nec5 15. Nxc5 Nxc5 16. a3 e4 17. Bxg7 Qxg7 18. b4 axb4 19. axb4 {0-1 (44) Beradze,I (2416)-Bortnyk,O (2557) Ureki 2015}) 9... e5 10. dxe5 dxe5 11. Rad1 Be6 12. b3 Na6 13. Na4 $146 ({Predecessor:} 13. Bc1 e4 14. Nd4 Bf7 15. Na4 Rad8 16. Ba3 Rfe8 {1-0 (67) Otte,M (2162)-Schmid,M (2126) Bayern 2005}) 13... h6 14. Bc1 Rfd8 15. Bb2 e4 16. Nd4 Bf7 17. Qb1 Qe7 18. Nc2 Rxd1 19. Rxd1 Rd8 20. Ba3 Rxd1+ 21. Qxd1 Qd7 22. Qxd7 Nxd7 23. Bb2 Nac5 24. Nxc5 Nxc5 25. Ba3 Ne6 26. Bc1 Kh7 27. g4 Nd4 28. Nxd4 Bxd4 29. e3 Bc3 30. f3 exf3 31. Bxf3 Be6 32. gxf5 Bxf5 33. e4 Bh3 34. Be3 a6 35. Kf2 Be5 36. Kg1 g5 37. Be2 Kg6 $17 38. b4 b5 0-1

[Event "ESTCC U65 2018"]
[Site "Walbrzych"]
[Date "2018.04.19"]
[Round "6"]
[White "Hurme, Harri"]
[Black "Christiansen, Arne"]
[Result "1/2-1/2"]
[ECO "D36"]
[WhiteElo "2229"]
[BlackElo "2045"]
[Annotator "NA"]
[PlyCount "140"]
[EventDate "2018.??.??"]
[EventCountry "POL"]
[SourceTitle "playchess.com"]
[Source "ChessBase"]
[SourceQuality "1"]
[WhiteTeam "Finland"]
[BlackTeam "Denmark"]
[WhiteTeamCountry "FIN"]
[BlackTeamCountry "DEN"]
[TimeControl "40/5400+30:1800+30"]

1. d4 d5 2. c4 e6 3. Nc3 Nf6 4. cxd5 exd5 5. Bg5 c6 6. Qc2 Nbd7 7. e3 Be7 8. h3 O-O 9. Bd3 Re8 10. Nge2 {[%emt 0:00:34] LiveBook: 110 Games} Nf8 11. O-O {[%emt 0:00:53] D36: Queen's Gambit Declined: Exchange Variation: Main line (5 Bg5 c6 6 Qc2)} (11. O-O-O a5 12. Kb1 b5 13. Ng3 a4 14. Nce2 Ra6 15. f3 h6 16. Bxf6 Bxf6 17. e4 dxe4 18. fxe4 Be6 19. e5 Be7 {½-½ (36) Dreev,A (2694)-Jussupow,A (2586) Switzerland 2011}) 11... h6 12. Bf4 Bd6 13. Rab1 Bxf4 14. Nxf4 Ne6 15. Nxe6 Bxe6 16. b4 Bd7 $146 ({Find the theoretical novelty and annotate with similar games:} 16... Rc8 17. Rfc1 a6 18. a4 Re7 19. b5 axb5 20. axb5 {1-0 (33) Pakleza,Z (2497)-Priehoda,V (2360) Czech Republic 2018}) 17. b5 Qe7 18. bxc6 Bxc6 19. Na4 Ne4 20. Bxe4 Qxe4 21. Qxe4 Rxe4 22. Nc5 Re7 23. Rfc1 Rc8 24. Nd3 Rec7 25. Rc3 Bd7 26. Rxc7 Rxc7 27. Rb3 b6 28. g4 g5 29. Kf1 Kf8 30. Ke1 Ke7 31. Kd2 f6 32. f3 Rc4 33. Nb2 Rc7 34. a4 Kd6 35. Ra3 a5 36. Nd1 Rc4 37. Nc3 Rb4 38. Kc2 Rc4 39. Ra1 Bc6 40. Kd3 Rb4 41. e4 Rb2 42. Rh1 Rf2 43. exd5 Bxd5 44. Ne4+ Bxe4+ 45. fxe4 Ra2 46. Rb1 Ra3+ 47. Ke2 Kc7 48. Rf1 Rxa4 49. Kd3 b5 50. d5 Ra3+ 51. Kd4 Ra4+ 52. Kc5 Rxe4 53. Rxf6 b4 54. Ra6 Re3 55. Ra7+ Kc8 56. Rxa5 $11 b3 57. Rb5 Rxh3 58. Kc4 Rg3 59. Rxb3 Rxg4+ 60. Kc5 h5 61. Rb6 Rg1 62. Rh6 h4 63. Kd6 Re1 64. Rh8+ Kb7 65. Rh5 Re8 66. Rxg5 Rh8 67. Rg7+ Kb6 68. Rg2 Rh6+ 69. Ke5 h3 70. Rh2 Rh5+ 1/2-1/2

[Event "ESTCC U65 2018"]
[Site "Walbrzych"]
[Date "2018.04.19"]
[Round "6"]
[White "Ackermann, Hans Werner"]
[Black "Carlsten, Peter"]
[Result "1/2-1/2"]
[ECO "A04"]
[WhiteElo "2211"]
[BlackElo "2010"]
[Annotator "NA"]
[PlyCount "40"]
[EventDate "2018.??.??"]
[EventCountry "POL"]
[SourceTitle "playchess.com"]
[Source "ChessBase"]
[SourceQuality "1"]
[WhiteTeam "Germany"]
[BlackTeam "Sweden"]
[WhiteTeamCountry "GER"]
[BlackTeamCountry "SWE"]
[TimeControl "40/5400+30:1800+30"]

1. Nf3 d6 2. d4 f5 3. c4 Nf6 4. Nc3 g6 5. Bf4 Bg7 6. e3 O-O 7. h3 e6 8. Be2 Qe7 9. Qb3 Nbd7 $14 10. Nb5 Ne8 11. c5 dxc5 12. Nxc7 Nxc7 13. Bxc7 cxd4 14. exd4 Nc5 15. dxc5 Qxc7 16. O-O Qxc5 17. Bc4 Kh8 18. Bxe6 Bxe6 19. Qxe6 Rfe8 20. Qb3 Qb6 1/2-1/2

[Event "ESTCC U65 2018"]
[Site "Walbrzych"]
[Date "2018.04.19"]
[Round "6"]
[White "Baumbach, Friedrich"]
[Black "Karppinen, Martti"]
[Result "1-0"]
[ECO "D61"]
[WhiteElo "2172"]
[BlackElo "1894"]
[Annotator "NA"]
[PlyCount "79"]
[EventDate "2018.??.??"]
[EventCountry "POL"]
[SourceTitle "playchess.com"]
[Source "ChessBase"]
[SourceQuality "1"]
[WhiteTeam "Germany"]
[BlackTeam "Finland"]
[WhiteTeamCountry "GER"]
[BlackTeamCountry "FIN"]
[TimeControl "40/5400+30:1800+30"]

1. d4 d5 2. c4 e6 3. Nc3 Nf6 4. Bg5 Be7 5. e3 O-O 6. Nf3 Nbd7 7. Qc2 b6 8. cxd5 exd5 9. Bb5 {[%emt 0:06:05] D61: Queen's Gambit Declined: Classical: 7 Qc2} (9. Bd3 c5 10. Ne5 h6 11. Nc6 Qe8 12. Nxe7+ Qxe7 13. Nxd5 Qd6 14. Nxf6+ Nxf6 15. Bf4 Qd5 16. dxc5 Qxg2 17. O-O-O Qc6 18. Rhg1 Kh8 19. Be5 Bb7 20. Rxg7 Kxg7 21. Rg1+ Kh8 22. Qc3 {1-0 (22) Girya,O (2505)-Pogonina,N (2466) Sochi 2017}) 9... Bb7 10. O-O h6 11. Bh4 Rc8 12. Bd3 c5 13. Bf5 cxd4 $146 ({Find the theoretical novelty and annotate with similar games:} 13... g6 14. Bxg6 fxg6 15. Qxg6+ Kh8 16. Nb5 a6 17. Nd6 Bxd6 18. Qxh6+ Kg8 19. Qg6+ Kh8 20. Qh6+ Kg8 {½-½ (20) Splichal,J (2112)-Costa Trillo,V (2228) ICCF email 2014}) 14. exd4 Rc4 15. Rfe1 Re8 16. Qd3 a6 17. Re2 b5 18. Rae1 g5 19. Bg3 Bb4 20. h4 Rxe2 21. Rxe2 g4 22. Ne5 Nxe5 23. dxe5 Nh5 24. e6 Nxg3 25. Qxg3 (25. exf7+ Kxf7 26. fxg3 (26. Qxg3 Qd6 $16) 26... Qf6 $18) 25... h5 26. Qe5 f6 27. e7 Qe8 28. Qxf6 d4 29. Be6+ Kh7 30. Bf7 Qc6 31. Qxc6 Bxc6 32. Bxc4 bxc4 33. e8=Q Bxe8 34. Rxe8 dxc3 35. bxc3 Bxc3 36. Rc8 Bf6 37. Rxc4 Bd8 38. Rc8 $18 Bxh4 39. Ra8 a5 40. Rxa5 1-0

[Event "ESTCC U65 2018"]
[Site "Walbrzych"]
[Date "2018.04.19"]
[Round "6"]
[White "Hammar, Bengt"]
[Black "Kierzek, Matthias"]
[Result "1/2-1/2"]
[ECO "B18"]
[WhiteElo "2133"]
[BlackElo "2272"]
[Annotator "NA RC"]
[PlyCount "42"]
[EventDate "2018.??.??"]
[EventCountry "POL"]
[SourceTitle "playchess.com"]
[Source "ChessBase"]
[SourceQuality "1"]
[WhiteTeam "Sweden"]
[BlackTeam "Germany"]
[WhiteTeamCountry "SWE"]
[BlackTeamCountry "GER"]
[TimeControl "40/5400+30:1800+30"]

1. e4 c6 2. d4 d5 3. Nc3 dxe4 4. Nxe4 Bf5 5. Ng3 Bg6 6. N1e2 e6 7. Nf4 Bd6 8. c3 Nf6 9. h4 Bxf4 10. Bxf4 h6 11. h5 Bh7 12. Qb3 Qe7 13. Be2 $11 {[%emt 0:01:39] LiveBook: 25 Games} a5 14. c4 a4 15. Qc3 Nbd7 16. O-O O-O 17. Rfe1 Rfe8 18. Bf3 Qd8 19. Rad1 Qb6 20. Re2 Qa5 21. Qxa5 Rxa5 1/2-1/2

[Event "ESTCC U65 2018"]
[Site "Walbrzych"]
[Date "2018.04.19"]
[Round "6"]
[White "Giulian, Philip M"]
[Black "Kauko, Pekka"]
[Result "1-0"]
[ECO "A06"]
[WhiteElo "2124"]
[BlackElo "1961"]
[Annotator "ChessBase"]
[PlyCount "95"]
[EventDate "2018.??.??"]
[EventCountry "POL"]
[SourceTitle "playchess.com"]
[Source "ChessBase"]
[SourceQuality "1"]
[WhiteTeam "Scotland"]
[BlackTeam "Finland"]
[WhiteTeamCountry "SCO"]
[BlackTeamCountry "FIN"]
[TimeControl "40/5400+30:1800+30"]

1. Nf3 d5 2. c4 c6 3. g3 Nf6 4. Bg2 g6 5. b3 Bg7 6. Bb2 O-O 7. O-O Re8 8. d4 Nbd7 9. Nbd2 Qb6 10. Qc2 e6 11. Rfe1 a5 12. c5 Qa7 13. Rac1 a4 14. h3 h5 15. b4 Bh6 16. e3 a3 17. Ba1 Qa4 18. Qb1 Rb8 19. Bf1 b6 20. cxb6 Rxb6 21. Bc3 Bf8 22. Qc2 Qa7 23. Rb1 Ba6 24. Qa4 Ra8 25. Bxa6 Rxa6 26. Qc2 Rb6 27. Ne5 Qb7 28. Nd3 Qc7 29. Rb3 Bd6 30. f4 Be7 31. Nc5 Kh7 32. Nf3 Nf8 33. Qg2 Rbb8 34. g4 Qc8 35. Rc1 Ra7 36. Ne5 Kg7 37. Be1 N8h7 38. Rcc3 Nf8 39. Qc2 hxg4 40. hxg4 Rb6 41. Rxa3 Rxa3 42. Rxa3 Qb8 43. g5 Ne4 44. Ned7 Nxd7 45. Nxd7 Qb7 46. Nxb6 Qxb6 47. Ra8 Qb7 48. Qa4 1-0

[Event "ESTCC U65 2018"]
[Site "Walbrzych"]
[Date "2018.04.19"]
[Round "6"]
[White "Staechelin, Ruedi"]
[Black "Lundgren, Ulf"]
[Result "1/2-1/2"]
[ECO "C88"]
[WhiteElo "2091"]
[BlackElo "1989"]
[Annotator "NA"]
[PlyCount "39"]
[EventDate "2018.??.??"]
[EventCountry "POL"]
[SourceTitle "playchess.com"]
[Source "ChessBase"]
[SourceQuality "1"]
[WhiteTeam "Switzerland"]
[BlackTeam "Sweden"]
[WhiteTeamCountry "SUI"]
[BlackTeamCountry "SWE"]
[TimeControl "40/5400+30:1800+30"]

1. e4 e5 2. Nf3 Nc6 3. Bb5 a6 4. Ba4 Nf6 5. O-O b5 6. Bb3 Be7 7. Re1 d6 8. c3 Na5 9. Bc2 c5 10. d3 Bg4 11. Nbd2 Nc6 12. Nf1 O-O 13. h3 Bd7 14. Ne3 $11 Qc8 15. Nd5 Bd8 16. Ne3 Ne8 17. d4 c4 18. dxe5 dxe5 19. Qe2 Nc7 20. Qf1 1/2-1/2

[Event "ESTCC U65 2018"]
[Site "Walbrzych"]
[Date "2018.04.19"]
[Round "6"]
[White "White, Alastair F"]
[Black "Alkkiomaki, Jyrki"]
[Result "1-0"]
[ECO "C24"]
[WhiteElo "2069"]
[BlackElo "1967"]
[Annotator "NA"]
[PlyCount "87"]
[EventDate "2018.??.??"]
[EventCountry "POL"]
[SourceTitle "playchess.com"]
[Source "ChessBase"]
[SourceQuality "1"]
[WhiteTeam "Scotland"]
[BlackTeam "Finland"]
[WhiteTeamCountry "SCO"]
[BlackTeamCountry "FIN"]
[TimeControl "40/5400+30:1800+30"]

1. e4 e5 2. Bc4 Nf6 3. d3 Bc5 4. Nc3 h6 5. f4 d6 6. Na4 Bxg1 7. Rxg1 c6 8. Nc3 exf4 9. Bxf4 Qb6 10. Ne2 d5 11. exd5 cxd5 12. Bb3 Bg4 13. Qd2 Nbd7 14. h3 Be6 15. O-O-O $14 ({White should try} 15. Be3 $16 Qd6 16. O-O-O) 15... Nc5 16. Be5 a5 17. c3 Nxb3+ 18. axb3 Qxb3 19. Nd4 Qa2 20. Kc2 Qa4+ 21. Kb1 Qd7 22. Qf2 Rg8 23. Rge1 O-O-O 24. Nxe6 fxe6 25. Qc5+ Qc6 26. Qxc6+ bxc6 27. Bxf6 gxf6 28. Rxe6 Kd7 29. Rxf6 Rxg2 30. Re1 Rb8 31. Rf7+ Kd6 32. Rf6+ Kc5 33. d4+ Kc4 34. Rxc6+ Kb3 35. Ka1 a4 36. c4 dxc4 37. Re3+ Kb4 38. Rc3 Rf8 39. R3xc4+ Kb3 40. Rc3+ Kb4 41. R3c5 Rb8 42. Ka2 Rd2 43. Rc4+ Kb5 44. R6c5+ 1-0

[Event "ESTCC U65 2018"]
[Site "Walbrzych"]
[Date "2018.04.19"]
[Round "6"]
[White "Meskanen, Vesa"]
[Black "Andersson, Finn"]
[Result "1-0"]
[ECO "E10"]
[WhiteElo "2066"]
[BlackElo "1719"]
[Annotator "NA"]
[PlyCount "99"]
[EventDate "2018.??.??"]
[EventCountry "POL"]
[SourceTitle "playchess.com"]
[Source "ChessBase"]
[SourceQuality "1"]
[WhiteTeam "Finland"]
[BlackTeam "Denmark"]
[WhiteTeamCountry "FIN"]
[BlackTeamCountry "DEN"]
[TimeControl "40/5400+30:1800+30"]

1. d4 Nf6 2. c4 e6 3. Nf3 c5 4. g3 d5 5. cxd5 exd5 6. Bg2 {[%emt 0:00:14] E01: Catalan: Early deviations} b6 (6... Nc6 7. O-O Be7 8. dxc5 Bxc5 9. a3 a6 10. b4 Ba7 11. Bb2 O-O 12. Nbd2 Re8 13. Nb3 Bg4 14. h3 Bh5 15. g4 Bg6 16. Rc1 Ne4 17. Nbd4 {0-1 (34) Socko,B (2593)-Akobian,V (2647) Riadh 2017}) 7. O-O Bb7 8. Nc3 Be7 9. Be3 O-O 10. Rc1 Nbd7 11. h3 a6 $146 ({Predecessor:} 11... Rc8 12. Nh4 Ne4 13. Nf5 Ndf6 14. Nxe7+ Qxe7 15. Nxe4 Nxe4 {0-1 (46) Karavaeva,A (1831)-Andreeva,E (1963) Togliatti 2012}) 12. Ne5 Re8 13. Nxd7 Qxd7 14. Na4 Qb5 15. dxc5 bxc5 16. Bxc5 Bxc5 17. Nxc5 Bc6 18. Nd3 Rad8 19. Rc5 Qb6 20. b3 Ne4 21. Rc2 Bb7 22. Kh2 Qd6 23. Ne1 Qb6 24. Nd3 Qd6 25. Qc1 Re7 26. Qf4 Qd7 27. h4 h6 28. Bh3 Qe8 29. Rfc1 Nd6 30. e3 Re4 31. Qf3 d4 32. Nc5 Rxe3 33. Qd1 Re7 34. Nxb7 Nxb7 35. Rc8 Nd6 36. Rxd8 Qxd8 37. Qxd4 Re4 38. Qd5 Qe7 39. Qa8+ Kh7 40. Qxa6 Qe5 41. Qd3 g6 42. Kg1 Re2 $18 43. Rc2 Re1+ 44. Kh2 Nb5 45. Bg2 Nd4 46. Rd2 Nf5 47. h5 Nh4 48. hxg6+ Nxg6 49. Qf3 Nh4 50. Qxf7+ 1-0

[Event "ESTCC U65 2018"]
[Site "Walbrzych"]
[Date "2018.04.19"]
[Round "6"]
[White "Rantanen, Veikko"]
[Black "Scrimgour, Alan"]
[Result "1/2-1/2"]
[ECO "A20"]
[WhiteElo "2007"]
[BlackElo "2083"]
[Annotator "NA"]
[PlyCount "95"]
[EventDate "2018.??.??"]
[EventCountry "POL"]
[SourceTitle "playchess.com"]
[Source "ChessBase"]
[SourceQuality "1"]
[WhiteTeam "Finland"]
[BlackTeam "Scotland"]
[WhiteTeamCountry "FIN"]
[BlackTeamCountry "SCO"]
[TimeControl "40/5400+30:1800+30"]

1. c4 e5 2. g3 Nf6 3. Bg2 c6 4. Nf3 e4 {[%emt 0:00:22] A20: English Opening: 1...e5} 5. Ng5 (5. Nd4 Qb6 6. e3 d5 7. Nc3 Bg4 8. f3 exf3 9. Bxf3 Bxf3 10. Qxf3 dxc4 11. b3 cxb3 12. O-O Nbd7 13. axb3 {0-1 (34) Aronian,L (2799)-Caruana,F (2807) Saint Louis 2017}) 5... d5 6. O-O h6 7. Nh3 Bf5 8. cxd5 cxd5 9. d3 exd3 $146 ({Predecessor:} 9... Qd7 10. Nf4 g5 11. dxe4 Bxe4 12. Qd4 {0-1 (20) Bielmeier,L (2005)-Huch,R (2286) Bayern 2010}) 10. exd3 Be7 11. Nf4 g5 12. Ne2 Nc6 13. Be3 Qd7 14. Nd4 Bh3 15. Nc3 Bxg2 16. Kxg2 Ng4 17. Nxc6 Nxe3+ 18. fxe3 bxc6 19. Rc1 Rb8 20. b3 O-O 21. Qf3 f5 22. Ne2 Ba3 23. Rc2 Rf6 24. Nd4 Rbf8 25. Rcf2 Bc5 26. Nc2 Qe6 27. d4 Bd6 28. Ne1 g4 29. Qd1 Qe4+ 30. Kg1 Qxe3 31. Qd3 Qe4 32. Re2 Qxd3 33. Nxd3 Kg7 34. Rc2 Rc8 35. Rfc1 Ba3 36. Re1 a5 37. Ne5 Re6 38. Rf1 Rf6 39. Rcf2 c5 40. Nxg4 Rff8 41. Rxf5 Rxf5 $14 42. Rxf5 c4 43. bxc4 dxc4 44. Rxa5 Bb2 45. Kf1 c3 46. Ne3 c2 47. Nxc2 Rxc2 48. Re5 1/2-1/2